 Dungeon Crawl Stone Soup version 0.28-a0-1206-g193881aaa2 (webtiles) character file.

Game seed: 14790044862100625221

6684 jtrev the Cleaver (level 11, -2/60 HPs)
             Began as a Gargoyle Berserker on Dec 21, 2021.
             Was a Priest of Trog.
             Slain by a yak (10 damage)
             ... on level 9 of the Dungeon.
             The game lasted 00:22:28 (13996 turns).

jtrev the Cleaver (Gargoyle Berserker)             Turns: 13996, Time: 00:22:29

Health: -2/60      AC: 17    Str: 24    XL:     11   Next: 3%
Magic:  11/11      EV: 10    Int:  9    God:    Trog [***...]
Gold:   490        SH:  0    Dex:  9    Spells: 10/10 levels left

rFire   . . .      SeeInvis .   a - +0 mace
rCold   . . .      Faith    +   (no shield)
rNeg    + . .      Spirit   .   B - +0 scale mail
rPois   ∞          Reflect  .   o - +0 helmet
rElec   +          Harm     .   v - +0 cloak
rCorr   .          Rampage  .   (no gloves)
Will    .....                   i - +0 pair of boots
Stlth   ..........              A - amulet of faith {!P}
HPRegen 0.20/turn               (no ring)
MPRegen 0.12/turn               (no ring)

@: on berserk cooldown, slowed, very slow
A: sickness immunity, AC +8, negative energy resistance 1, electricity
resistance, torment resistance 1, petrification resistance
a: Renounce Religion, Berserk, Trog's Hand


You were on level 9 of the Dungeon.
You worshipped Trog.
Trog was most pleased with you.
You visited 1 branch of the dungeon, and saw 9 of its levels.

You collected 490 gold pieces.

Inventory:

Hand Weapons
 a - a +0 mace (weapon)
 t - a +0 broad axe
   (You found it on level 4 of the Dungeon)
Missiles
 s - 2 throwing nets (quivered) {!f}
Armour
 i - a +0 pair of boots (worn)
   (You found it on level 1 of the Dungeon)
 o - a +0 helmet (worn)
   (You found it on level 3 of the Dungeon)
 v - a +0 cloak (worn)
   (You found it on level 6 of the Dungeon)
 w - a +0 chain mail
   (You took it off an orc priest on level 6 of the Dungeon)
 B - a +0 scale mail (worn)
   (You took it off a gnoll sergeant on level 6 of the Dungeon)
Jewellery
 A - an amulet of faith (around neck) {!P}
   (You found it on level 6 of the Dungeon)
Wands
 x - a wand of acid (7)
   (You found it on level 5 of the Dungeon)
Scrolls
 b - 13 scrolls of identify {unknown}
 d - a scroll of fear {unknown}
 e - 2 scrolls of fog {unknown}
 f - 3 scrolls of enchant weapon {unknown}
 k - 6 scrolls of blinking {unknown}
 m - a scroll of magic mapping {unknown}
 n - a scroll of immolation {unknown}
 p - a scroll of vulnerability {unknown}
 q - 2 scrolls of noise {unknown}
 y - 2 scrolls of teleportation {unknown}
 C - a scroll of enchant armour {unknown}
 D - a scroll of silence {unknown}
Potions
 c - 2 potions of flight {unknown}
 g - a potion of cancellation {unknown}
 h - 4 potions of curing {unknown}
 j - 2 potions of attraction {unknown}
 l - a potion of ambrosia {unknown}
 r - 4 potions of brilliance {unknown}
 u - 4 potions of heal wounds {unknown}
 z - a potion of berserk rage {unknown}
 E - a potion of mutation {unknown}
 F - 2 potions of lignification {unknown}
 G - 2 potions of might {unknown}


   Skills:
 - Level 3.2 Fighting
 + Level 13.2(14.0) Axes
 - Level 8.3(12.3) Maces & Flails
 - Level 2.1 Armour
 - Level 1.5 Dodging


You had 10 spell levels left.
You didn't know any spells.
Your spell library was empty.

Dungeon Overview and Level Annotations

Branches:
Dungeon (9/15)               Lair (0/6) D:8
 Temple: D:4-7          Orc: D:9-12

Altars:
Ashenzari
Cheibriados
Fedhas
Nemelex Xobeh
Ru
Uskayaw
Wu Jian
Xom
Yredelemnul
Jiyva

Annotations:
D:8 3 runed translucent doors, halfoni's ghost, novice HuBe


Innate Abilities, Weirdness & Mutations

You are immune to sickness and miasma.
Your stone body is resilient. (AC +8)
You are immune to poison.
You resist negative energy. (rN+)
You are resistant to electric shocks. (rElec)
You are resistant to unholy torment.
You are immune to petrification.


Message History

You hit the yak. The yak barely misses you.
You hit the yak. The yak gores you!
* * * LOW HITPOINT WARNING * * *
You hit the yak. The yak gores you but does no damage.
Unknown command.
You closely miss the yak. The yak gores you but does no damage.
Unknown command.
Unknown command.
You hit the yak but do no damage. The yak gores you.
* * * LOW HITPOINT WARNING * * *
The yak barely misses you.
You closely miss the yak. The yak gores you but does no damage.
Unknown command.
You hit the yak but do no damage. The yak gores you.
* * * LOW HITPOINT WARNING * * *
You hit the yak. The yak barely misses you.
Unknown command.
You hit the yak.
You kill the yak!
Trog accepts your kill.
Unknown command.
You sock the yak! The yak gores you but does no damage.
Unknown command.
You hit the yak. The yak gores you but does no damage.
Unknown command.
You barely miss the yak. The yak completely misses you.
Unknown command.
You hit the yak. The yak gores you but does no damage.
The yak barely misses you.
Unknown command.
You closely miss the yak. The yak barely misses you.
Unknown command.
You barely miss the yak. The yak gores you but does no damage.
Unknown command.
You sock the yak! The yak gores you!
* * * LOW HITPOINT WARNING * * *
You hit the yak. The yak gores you.
* * * LOW HITPOINT WARNING * * *
You completely miss the yak. The yak gores you.
* * * LOW HITPOINT WARNING * * *
The yak gores you.
* * * LOW HITPOINT WARNING * * *
You sock the yak! The yak barely misses you.
Unknown command.
You barely miss the yak. The yak gores you but does no damage.
You hit the yak but do no damage. The yak gores you.
* * * LOW HITPOINT WARNING * * *
Unknown command.
You hit the yak. The yak gores you!
You die...

#........##
####)>###.#
#.........#
#.....# #
#....####.##
#..###.#
##### #8.8#
### #.# ##'##
... #.# #####
##†##
#+##...##+#
#......@Y†#
#..###+###..#
#.. #$.# # ..
#..# # . ...+
# .## # # . .
#.


You could see a yak.

Vanquished Creatures
  The ghost of freelancePsychic the Magician, a novice DjWr of Elyvilon (D:7)
  Pikel (D:7)
  A komodo dragon (D:8)
  A hornet (D:8)
  Sigmund (D:5)
  A wyvern (D:5)
  5 yaks (D:9)
  An acid dragon (D:7)
  2 water moccasins
  4 orc warriors
  2 necrophages
  A hornet zombie (D:8)
  2 sky beasts
  4 ogres
  3 black bears (D:8)
  2 centaurs
  A kobold brigand (D:8)
  4 phantoms
  4 bullfrogs
  A gnoll sergeant (D:6)
  A wyvern zombie (D:4)
  3 scorpions
  A water moccasin skeleton (D:7)
  4 killer bees
  3 howler monkeys
  2 bullfrog zombies (D:6)
  2 centaur zombies
  Crazy Yiuf (D:7)
  2 orc priests
  2 centaur skeletons
  3 gnoll shamans
  2 hounds
  3 jellies (D:5)
  Jessica (D:3)
  5 iguanas
  5 orc wizards
  A killer bee zombie (D:6)
  A hound skeleton (D:5)
  12 gnolls
  3 adders
  A white imp (D:7)
  An ufetubus (D:6)
  3 worms
  6 dart slugs
  17 orcs
  5 bats
  9 endoplasms
  2 giant cockroaches (D:1)
  4 goblins
  8 hobgoblins
  10 jackals
  13 kobolds
  5 quokkas
  5 ball pythons
  6 frilled lizards
  9 rats
203 creatures vanquished.

Vanquished Creatures (others)
  A fungus (D:8)
  12 plants (D:8)
13 creatures vanquished.

Grand Total: 216 creatures vanquished

Notes
Turn   | Place    | Note
-------+----------+-------------------------------------------
     0 | D:1      | jtrev the Gargoyle Berserker began the quest for the Orb.
     0 | D:1      | Reached XP level 1. HP: 14/14 MP: 1/1
   144 | D:1      | Reached XP level 2. HP: 19/19 MP: 2/2
   165 | D:1      | You fall into a shaft and drop 1 floor!
   637 | D:2      | Reached XP level 3. HP: 23/23 MP: 3/3
   660 | D:2      | Found a sparkling altar of Nemelex Xobeh.
   870 | D:2      | Reached ** piety under Trog
  1933 | D:1      | Reached XP level 4. HP: 28/28 MP: 4/4
  1968 | D:1      | Found a faded altar of an unknown god.
  2359 | D:1      | Reached skill level 5 in Maces & Flails
  3117 | D:3      | Noticed a phantom
  3130 | D:3      | Killed a phantom
  3131 | D:3      | Reached XP level 5. HP: 32/32 MP: 5/5
  3210 | D:3      | Noticed Jessica
  3222 | D:3      | Killed Jessica
  4010 | D:4      | Noticed a phantom
  4027 | D:3      | Reached XP level 6. HP: 23/37 MP: 6/6
  4902 | D:4      | Reached XP level 7. HP: 9/41 MP: 7/7
  5462 | D:4      | Found a hide-covered altar of Uskayaw.
  5518 | D:4      | Found a sacrificial altar of Ru.
  5826 | D:4      | Found a snail-covered altar of Cheibriados.
  5959 | D:5      | Entered Level 5 of the Dungeon
  6124 | D:5      | Reached skill level 1 in Axes
  6246 | D:5      | Found a blossoming altar of Fedhas.
  6289 | D:5      | Found a basalt altar of Yredelemnul.
  6301 | D:5      | Noticed a wyvern
  6308 | D:5      | Killed a wyvern
  6309 | D:5      | Reached skill level 2 in Axes
  6311 | D:5      | Reached skill level 3 in Axes
  6524 | D:5      | Reached XP level 8. HP: 46/46 MP: 8/8
  6596 | D:5      | Noticed Sigmund
  6620 | D:5      | Killed Sigmund
  6621 | D:5      | Reached skill level 4 in Axes
  6792 | D:5      | Reached skill level 5 in Axes
  7162 | D:5      | Found an ornate altar of the Wu Jian Council.
  7399 | D:5      | Reached skill level 6 in Axes
  8124 | D:6      | Reached skill level 7 in Axes
  8142 | D:6      | Reached XP level 9. HP: 18/51 MP: 9/9
  8364 | D:6      | Reached *** piety under Trog
  8754 | D:6      | Reached skill level 8 in Axes
  9214 | D:7      | Noticed freelancePsychic's ghost (novice DjWr)
  9214 | D:7      | Found a runed translucent door.
  9595 | D:7      | Reached skill level 9 in Axes
  9944 | D:7      | Noticed Pikel
  9957 | D:7      | Killed Pikel
  9958 | D:7      | Reached skill level 10 in Axes
 10004 | D:7      | Reached XP level 10. HP: 56/56 MP: 10/10
 10040 | D:7      | Found a shimmering altar of Xom.
 10101 | D:7      | Found a broken altar of Ashenzari.
 11016 | D:7      | Found a runed translucent door.
 11017 | D:7      | Noticed Crazy Yiuf
 11128 | D:7      | Killed freelancePsychic's ghost
 11129 | D:7      | Reached skill level 11 in Axes
 11220 | D:7      | Killed Crazy Yiuf
 12325 | D:8      | Reached skill level 12 in Axes
 12930 | D:8      | Found a staircase to the Lair.
 13575 | D:8      | Found a runed translucent gate.
 13575 | D:8      | Found a runed translucent gate.
 13581 | D:8      | Found a runed translucent gate.
 13582 | D:8      | Noticed halfoni's ghost (novice HuBe)
 13586 | D:8      | Found a viscous altar of Jiyva.
 13955 | D:9      | Reached skill level 13 in Axes
 13965 | D:9      | Reached XP level 11. HP: 52/60 MP: 11/11
 13996 | D:9      | Slain by a yak

Illustrated notes

Levels and vault maps discovered:
D:1:      dpeg_arrival_stone_temple_mockup, layout_basic,
          ebering_ecumenical_altar_box, grunt_decor_junction, eino_curves_01,
          serial_bayou_pond_a
D:2:      layout_basic, basic_altar
D:3:      layout_basic, uniq_jessica
D:4:      layout_rooms, nicolae_overflow_crystal_walls,
          grunt_temple_overflow_open
D:5:      layout_loops_corners, pdpol_wu_jian_five_deadly_venoms,
          overflow_temple_1_default, lemuel_doored_altar,
          minmay_misc_feat_roman, serial_park_tiny_1,
          chequers_serial_rivers_room_b, minmay_parallelograms,
          dk_noncrumbling_4, amcnicky_mini_pool_small,
          minmay_misc_feat_four_crosses, uniq_sigmund
D:6:      layout_cave_pools, makhleb_blood_cavern_becter,
          minmay_temple_entry_glass, dk_noncrumbling_3
D:7:      layout_loops_cross, brannock_xom_greatest_gift,
          nicolae_ashenzari_skybound, hellmonk_ghost_happy_afterlife,
          minmay_bent, uniq_crazy_yiuf_cottage, uniq_pikel
D:8:      layout_loops_ring, grunt_lair_entry_orc_guard_hut,
          gammafunk_ghost_ooze, minmay_lizard_king
D:9:      due_megacathedral, layout_rooms, nicolae_qazlal_scattered_showers,
          uniq_joseph

Skill      XL: |  1  2  3  4  5  6  7  8  9 10 |
---------------+-------------------------------+-----
Maces & Flails | 4 6 7 8 |  8.3
Axes           | 3 7 10 13 | 13.2
Fighting       | |  3.2
Armour         | |  2.1
Dodging        | |  1.5

Action                   |  1- 3 |  4- 6 |  7- 9 | 10-12 || total
-------------------------+-------+-------+-------+-------++-------
Melee: Mace              |    91 |   144 |   450 |   393 ||  1078
Invok: Berserk           |     2 |     4 |    12 |    10 ||    28
       Trog's Hand       |       |       |       |     1 ||     1
 Stab: Sleeping          |       |     2 |       |       ||     2
       Invisible         |       |       |       |     1 ||     1
Armor: Animal skin       |    24 |    10 |       |       ||    34
       Leather armour    |       |    72 |   191 |       ||   263
       Scale mail        |       |       |    61 |   204 ||   265
Dodge: Dodged            |    49 |   123 |   248 |   203 ||   623

Table legend: (Time is in decaauts)
 A = Elapsed time spent in this place.
 B = Non-inter-level travel time spent in this place.
 C = Inter-level travel time spent in this place.
 D = Time resting spent in this place.
 E = Time spent auto-exploring this place.
 F = Levels seen in this place.
 G = Mean time per level.
                   A        B        C        D        E       F      G
               +--------+--------+--------+--------+--------+-----+--------+
         Total |  14190 |  13559 |    631 |   4464 |   6988 |   9 | 1576.7 |
       Dungeon |  14190 |  13559 |    631 |   4464 |   6988 |   9 | 1576.7 |
               +--------+--------+--------+--------+--------+-----+--------+

Top non-repeatable levels by time:
     D:7: 2396 daAuts
     D:5: 2317 daAuts
     D:8: 2005 daAuts
     D:3: 1987 daAuts
     D:2: 1524 daAuts
     D:1: 1366 daAuts
     D:6: 1247 daAuts
     D:4: 1178 daAuts
     D:9: 167 daAuts
